[Event "Titled Tuesday Blitz December 20 Late 2022"]
[White "Andreikin, Dmitry"]
[Black "Ibarra Jerez, Jose Carlos"]
[WhiteFideId "4158814"]
[BlackFideId "2226332"]
[WhiteElo "2735"]
[BlackElo "2638"]
[Result "1-0"]
[Round "06"]
[TimeControl "180+1"]
[Date "2022.12.20"]
[WhiteClock "0:00:38"]
[BlackClock "0:00:16"]

1. Nf3 Nf6 2. c4 d6 3. d4 g6 4. Nc3 Bf5 5. Ng5 Bd7 6. Nf3 Bf5 7. Ng5 Bd7 8. e4 e5 9. d5 a5 10. Be2 Na6 11. h4 h6 12. Nf3 Nc5 13. Qc2 Bg7 14. Bd2 O-O 15. h5 Nxh5 16. O-O-O Nf4 17. Bf1 c6 18. dxc6 bxc6 19. Be3 Qe7 20. Qd2 Bg4 21. Qxd6 Qxd6 22. Rxd6 Nce6 23. Nh2 f5 24. f3 Bh5 25. g4 fxg4 26. fxg4 Nd4 27. gxh5 gxh5 28. Rg1 Kh7 29. Rd7 Rg8 30. c5 Rad8 31. Rgxg7+ Rxg7 32. Rxd8 1-0


[Site "https://www.chess.com"]

[Event "Titled Tuesday Blitz December 20 Late 2022"]
[White "Antonio, Jorge Carlos"]
[Black "Li, Hui"]
[WhiteFideId "113190"]
[BlackFideId "15400310"]
[WhiteElo "2247"]
[BlackElo "1954"]
[Result "0-1"]
[Round "06"]
[TimeControl "180+1"]
[Date "2022.12.21"]
[WhiteClock "0:01:04"]
[BlackClock "0:00:06"]

1. d4 Nf6 2. Nf3 d5 3. Bf4 c5 4. e3 Nc6 5. c3 Qb6 6. Qb3 c4 7. Qxb6 axb6 8. Nbd2 b5 9. Be2 e6 10. O-O b4 11. Ng5 h6 12. Ngf3 bxc3 13. bxc3 Ba3 14. Rfb1 O-O 15. Bd1 Nh5 16. Bg3 Nxg3 17. hxg3 Bd6 18. e4 Ra3 19. Rc1 b5 20. Nb1 Ra7 21. e5 Be7 22. a4 Bd7 23. Nbd2 Rfa8 24. Rcb1 bxa4 25. Rb6 a3 26. Ra2 Ra6 27. Rxa6 Rxa6 28. Nb1 Rb6 29. Bc2 Rb2 30. Rxb2 axb2 31. Nfd2 f6 32. f4 fxe5 33. fxe5 Bg5 34. Kf2 h5 35. Ke2 Ne7 36. Kd1 Be8 37. Na3 h4 38. gxh4 Bxh4 39. Bb1 Bg6 40. Bxg6 Nxg6 41. Kc2 Nf4 42. Kxb2 Nxg2 43. Nf3 Be7 44. Nb5 Nf4 45. Nc7 Kf7 46. Kc2 g5 47. Kd2 g4 48. Ne1 Ng6 49. Ke3 Bg5+ 50. Kf2 Bh4+ 51. Kf1 Bxe1 52. Kxe1 Nf4 53. Kf2 Kg6 54. Kg3 Kf5 55. Ne8 Ne2+ 56. Kg2 Nxc3 57. Nf6 Ne2 58. Kf2 Nxd4 59. Nh5 Kxe5 60. Ng3 c3 61. Ke3 Nf5+ 62. Nxf5 exf5 63. Kd3 g3 64. Kxc3 g2 65. Kd3 g1=Q 0-1


[Site "https://www.chess.com"]

[Event "Titled Tuesday Blitz December 20 Late 2022"]
[White "Araujo, Everson De Moura"]
[Black "Burke, Paul"]
[WhiteFideId "22737197"]
[BlackFideId "2605767"]
[WhiteElo "2035"]
[BlackElo "1781"]
[Result "1-0"]
[Round "06"]
[TimeControl "180+1"]
[Date "2022.12.21"]
[WhiteClock "0:00:08"]
[BlackClock "0:00:21"]

1. c4 a6 2. Nc3 d6 3. g3 g6 4. Bg2 Nd7 5. d4 Bg7 6. e4 e6 7. Be3 h6 8. Qd2 Ne7 9. Nge2 e5 10. O-O f5 11. f4 exf4 12. Nxf4 Nf6 13. Rad1 Ng4 14. Rfe1 Nxe3 15. Qxe3 O-O 16. e5 Re8 17. exd6 Qxd6 18. Ncd5 Kf7 19. Nxe7 Rxe7 20. Bd5+ Kf6 21. Qxe7+ Qxe7 22. Rxe7 Kxe7 23. Nxg6+ Kf6 24. Nf4 c6 25. Bf3 Bf8 26. Re1 Bd7 27. Nh5+ Kg6 28. Nf4+ Kf6 29. Kg2 Bd6 30. Nd3 b6 31. Ne5 Bxe5 32. Rxe5 Rg8 33. b3 f4 34. Kf2 fxg3+ 35. hxg3 Rf8 36. Rh5 Kg6 37. Re5 Bg4 38. Re3 Bxf3 39. Rxf3 Rd8 40. Rd3 Kf5 41. d5 c5 42. Kf3 Rg8 43. d6 Rd8 44. d7 Ke6 45. Kg4 Rxd7 46. Rxd7 Kxd7 47. Kh5 b5 48. Kxh6 bxc4 49. bxc4 Kd6 50. g4 Ke5 51. g5 Kd4 52. g6 1-0


[Site "https://www.chess.com"]

[Event "Titled Tuesday Blitz December 20 Late 2022"]
[White "ArchibaldCerveza29"]
[Black "Skibbe, Willi"]
[BlackFideId "4682190"]
[WhiteElo "2432"]
[BlackElo "2345"]
[Result "1-0"]
[Round "06"]
[TimeControl "180+1"]
[Date "2022.12.21"]
[WhiteClock "0:01:32"]
[BlackClock "0:00:57"]

1. d4 d5 2. c4 e6 3. Nc3 Nf6 4. cxd5 exd5 5. Bg5 Be7 6. e3 O-O 7. Bd3 h6 8. Bh4 c6 9. Nge2 Re8 10. Qc2 Nbd7 11. h3 Nh5 12. Bxe7 Qxe7 13. O-O-O b5 14. g4 Nhf6 15. Ng3 Nb6 16. Kb1 Bd7 17. Nf5 Bxf5 18. Bxf5 b4 19. Ne2 Ne4 20. Bxe4 Qxe4 21. Ng3 Qxc2+ 22. Kxc2 Nc4 23. b3 Nd6 24. Kd3 Nb5 25. Rc1 Nc3 26. Ne2 Nxa2 27. Rxc6 Rac8 28. Ra6 Nc3 29. Nf4 Ne4 30. Rf1 Rc3+ 31. Ke2 Rc2+ 32. Kf3 Nd2+ 33. Kg2 Nxf1 34. Kxf1 Rd8 35. Ra4 a5 36. Rxa5 Rb2 37. Nxd5 Rxb3 38. Ne7+ Kf8 39. Nc6 Rd6 40. Ra8+ 1-0


[Site "https://www.chess.com"]

[Event "Titled Tuesday Blitz December 20 Late 2022"]
[White "Bach, Matthias"]
[Black "Przybylski, Wojciech"]
[WhiteFideId "4603168"]
[BlackFideId "1117599"]
[WhiteElo "2165"]
[BlackElo "2217"]
[Result "0-1"]
[Round "06"]
[TimeControl "180+1"]
[Date "2022.12.21"]
[WhiteClock "0:00:25"]
[BlackClock "0:01:44"]

1. d4 Nf6 2. c4 e6 3. Nc3 d5 4. Nf3 Be7 5. g3 O-O 6. Bg2 Nbd7 7. O-O c6 8. b3 a5 9. a4 Bb4 10. Bd2 Bxc3 11. Bxc3 Ne4 12. Bb2 f5 13. cxd5 exd5 14. Ne5 Nxe5 15. dxe5 Be6 16. f3 Ng5 17. Bd4 f4 18. h4 fxg3 19. hxg5 Qxg5 20. f4 Qh4 21. Rf3 g5 22. Qd3 gxf4 23. Kf1 Bh3 24. Bg1 Bf5 25. Qd4 Be4 26. e6 Rae8 27. Qe5 Qg4 28. e7 Rf7 29. Rd1 h5 30. Rd4 h4 31. Rxe4 dxe4 32. Qxe4 h3 33. Bxh3 Qxh3+ 34. Ke1 Qf5 35. Qxf5 Rxf5 0-1


[Site "https://www.chess.com"]

[Event "Titled Tuesday Blitz December 20 Late 2022"]
[White "Baches Garcia, Guillermo"]
[Black "Olsen, Filip Boe"]
[WhiteFideId "2209764"]
[BlackFideId "1440640"]
[WhiteElo "2496"]
[BlackElo "2333"]
[Result "0-1"]
[Round "06"]
[TimeControl "180+1"]
[Date "2022.12.20"]
[WhiteClock "0:00:02"]
[BlackClock "0:01:25"]

1. e4 c6 2. d4 d5 3. e5 Bf5 4. Be3 e6 5. Nd2 Nd7 6. Be2 a6 7. f4 h5 8. Ngf3 g6 9. Nb3 Nh6 10. O-O Be7 11. a4 Rc8 12. c3 Kf8 13. Kh1 Kg7 14. Nc5 Qc7 15. b4 Bg4 16. Bg1 Nf5 17. Ne1 Bxe2 18. Qxe2 h4 19. Bf2 Nxc5 20. bxc5 b6 21. cxb6 Qxb6 22. Nd3 c5 23. dxc5 Ng3+ 24. Bxg3 hxg3 25. h3 Bxc5 26. Qf3 Bf2 0-1


[Site "https://www.chess.com"]

[Event "Titled Tuesday Blitz December 20 Late 2022"]
[White "Bas Mas, Jose Joaquin"]
[Black "Novik, Maxim"]
[WhiteFideId "22219064"]
[BlackFideId "4102924"]
[WhiteElo "2233"]
[BlackElo "2291"]
[Result "0-1"]
[Round "06"]
[TimeControl "180+1"]
[Date "2022.12.21"]
[WhiteClock "0:00:37"]
[BlackClock "0:00:51"]

1. e4 c6 2. d4 d5 3. exd5 cxd5 4. c4 Nf6 5. Nc3 g6 6. cxd5 Nxd5 7. Bc4 Nxc3 8. Qb3 e6 9. bxc3 Bg7 10. Nf3 O-O 11. O-O Nc6 12. Qb2 b6 13. Re1 Bb7 14. Bg5 Qc7 15. Bd3 Ne7 16. Rac1 Bxf3 17. gxf3 Nd5 18. Be4 Rac8 19. Qd2 Nf6 20. Bh6 Bxh6 21. Qxh6 Nh5 22. d5 f5 23. Bc2 e5 24. d6 Qxd6 25. Bb3+ Kh8 26. Rcd1 Qe7 27. Rd5 Qg7 28. Qxg7+ Kxg7 29. Rd7+ Kh6 30. Rxe5 Rxc3 31. Ree7 Rxf3 32. Rxh7+ Kg5 33. Kg2 Rc3 34. Rxa7 Nf4+ 0-1


[Site "https://www.chess.com"]

[Event "Titled Tuesday Blitz December 20 Late 2022"]
[White "Berezin, Viktor"]
[Black "Guzman Moneo, Alberto"]
[WhiteFideId "14107872"]
[BlackFideId "2209616"]
[WhiteElo "2310"]
[BlackElo "2157"]
[Result "1-0"]
[Round "06"]
[TimeControl "180+1"]
[Date "2022.12.21"]
[WhiteClock "0:02:13"]
[BlackClock "0:01:40"]

1. d4 Nf6 2. Nf3 c5 3. d5 b5 4. c4 d6 5. Qc2 g6 6. e4 bxc4 7. Bxc4 Bg7 8. O-O O-O 9. Nc3 Nbd7 10. h3 Nb6 11. Be2 e6 12. dxe6 Bxe6 13. Rd1 d5 14. exd5 Nfxd5 15. Nxd5 Nxd5 16. Qxc5 Rc8 17. Qxa7 Qd6 18. a4 Rc2 19. Qa6 Rfc8 20. Qxd6 1-0


[Site "https://www.chess.com"]

[Event "Titled Tuesday Blitz December 20 Late 2022"]
[White "Bilan, Danila"]
[Black "Figorito, Nick"]
[WhiteFideId "24161918"]
[BlackFideId "30923689"]
[WhiteElo "2182"]
[BlackElo "2415"]
[Result "1-0"]
[Round "06"]
[TimeControl "180+1"]
[Date "2022.12.21"]
[WhiteClock "0:00:09"]
[BlackClock "0:00:06"]

1. d4 Nf6 2. Nf3 g6 3. Bg5 Bg7 4. c3 O-O 5. Nbd2 d5 6. e3 Nbd7 7. Bd3 b6 8. e4 dxe4 9. Nxe4 Bb7 10. Qc2 Nxe4 11. Bxe4 Bxe4 12. Qxe4 Nf6 13. Qh4 Qd5 14. O-O c5 15. Rfe1 cxd4 16. Qxd4 Qxd4 17. Nxd4 e6 18. Rad1 h6 19. Bh4 Rac8 20. Nb5 a6 21. Nd6 Rcd8 22. c4 g5 23. Bg3 Rd7 24. b4 Ne8 25. c5 bxc5 26. bxc5 Nxd6 27. Bxd6 Rfd8 28. Rd3 Bf8 29. Red1 Bxd6 30. cxd6 f5 31. g3 e5 32. Rd5 Re8 33. Ra5 Ra7 34. Kg2 Kf7 35. d7 Rd8 36. Rxe5 Kf6 37. Red5 Ke6 38. Rd6+ Ke5 39. Rxh6 Raxd7 40. Rxd7 Rxd7 41. Rxa6 g4 42. h3 Rd2 43. hxg4 fxg4 44. Ra4 Kf5 45. Rf4+ Kg5 46. Ra4 Rb2 47. Ra5+ Kg6 48. a4 Ra2 49. Kf1 Ra1+ 50. Ke2 Ra2+ 51. Ke3 Ra3+ 52. Kf4 Rf3+ 53. Kxg4 Rxf2 54. Rg5+ Kf6 55. Ra5 Ra2 56. Ra6+ Ke5 57. Kg5 Ke4 58. g4 Kd4 59. Kg6 Kc4 60. g5 Kb4 61. Kg7 Rf2 62. g6 Kc5 63. Re6 Kb4 64. Re4+ Ka5 65. Kg8 Rb2 66. g7 Rg2 67. Kf7 Rf2+ 68. Kg6 Rg2+ 69. Kf6 Rf2+ 70. Kg5 Rg2+ 71. Rg4 1-0


[Site "https://www.chess.com"]

[Event "Titled Tuesday Blitz December 20 Late 2022"]
[White "Bjelobrk, Igor"]
[Black "Urbina Perez, Juan Antonio"]
[WhiteFideId "4300726"]
[BlackFideId "2217368"]
[WhiteElo "2335"]
[BlackElo "2197"]
[Result "1/2-1/2"]
[Round "06"]
[TimeControl "180+1"]
[Date "2022.12.21"]
[WhiteClock "0:00:17"]
[BlackClock "0:00:10"]

1. Nf3 d5 2. g3 c6 3. Bg2 Bf5 4. c4 e6 5. Qb3 Qb6 6. d3 Qxb3 7. axb3 Bb4+ 8. Nc3 Nf6 9. O-O O-O 10. Nd4 Bg6 11. Nc2 Be7 12. f4 h6 13. Bd2 Nbd7 14. cxd5 cxd5 15. b4 a6 16. e4 dxe4 17. dxe4 Nb6 18. Rae1 Rfd8 19. Bc1 Rac8 20. f5 Bh7 21. h3 exf5 22. exf5 Bd6 23. g4 Rc7 24. Rd1 Rcd7 25. Kh1 Be5 26. Rxd7 Rxd7 27. Re1 Bd6 28. Rd1 g6 29. fxg6 Bxg6 30. Ne3 Bxb4 31. Rxd7 Nfxd7 32. Bxb7 a5 33. Nf5 Nc5 34. Nxh6+ Kg7 35. Bf3 Nd3 36. Be3 Nc4 37. Bg5 f6 38. Bh4 Kxh6 39. Bxf6 Ndxb2 40. Nd5 Nd3 41. h4 Nce5 42. Be2 Nf2+ 43. Kg2 Nfxg4 44. Bg5+ Kh7 45. Kg3 Nh6 46. Nf6+ Kg7 47. h5 Bf7 48. Ne4 a4 49. Bf6+ Kf8 50. Bxe5 Nf5+ 51. Kf4 Ne7 52. Ba1 a3 53. h6 Ng6+ 54. Kg5 Be7+ 55. Nf6 Nh8 56. Bd3 a2 57. Bf5 Bd8 58. Be4 Be7 59. Bc2 Bd8 60. Ba4 Be7 61. Kf5 Bg6+ 62. Ke5 Bf7 63. h7 Ng6+ 64. Kf5 Nh8 65. Ne4 Bg6+ 66. Kf4 Bxh7 67. Bxh8 Bxe4 68. Kxe4 a1=Q 69. Bxa1 Kf7 70. Bd4 Bf6 71. Bb3+ Kg7 72. Be3 Kg6 73. Bc2 Kg7 74. Kf5 Kf7 75. Bf4 Ke7 76. Bb3 Bh4 77. Ke5 Bf6+ 78. Kd5 Bh4 79. Be5 Kf7 80. Ke4+ Kg6 81. Kf4 Bf6 82. Bc2+ Kg7 83. Bd6 Bc3 84. Kf5 Bb2 85. Bb3 Ba1 86. Be7 Bb2 87. Bg5 Ba1 88. Bc1 Bc3 89. Be3 Ba1 90. Bc5 Bb2 91. Bd6 Ba1 92. Ke4 Bb2 93. Kd3 Ba1 94. Kc2 Bf6 95. Bc5 Be5 96. Kd3 Bf6 97. Ke4 Bb2 98. Kf5 Ba1 99. Bd6 Bb2 100. Be5+ Bxe5 1/2-1/2


[Site "https://www.chess.com"]

[Event "Titled Tuesday Blitz December 20 Late 2022"]
[White "Bluebaum, Matthias"]
[Black "Kravtsiv, Martyn"]
[WhiteFideId "24651516"]
[BlackFideId "14113147"]
[WhiteElo "2634"]
[BlackElo "2695"]
[Result "1-0"]
[Round "06"]
[TimeControl "180+1"]
[Date "2022.12.20"]
[WhiteClock "0:00:17"]
[BlackClock "0:00:01"]

1. d4 d5 2. c4 e6 3. Nc3 Nf6 4. cxd5 exd5 5. Bg5 c6 6. e3 Be7 7. Bd3 Nbd7 8. h3 O-O 9. Qc2 Re8 10. Nf3 Ne4 11. Bf4 Ndf6 12. Ne5 g6 13. f3 Nxc3 14. bxc3 Bd6 15. O-O Nh5 16. Bh2 Ng7 17. e4 f6 18. Ng4 Bxg4 19. hxg4 Bxh2+ 20. Kxh2 Qd6+ 21. Kg1 Ne6 22. Qd2 Qg3 23. Qf2 Qxf2+ 24. Kxf2 Kg7 25. Rab1 Re7 26. Rfe1 Rae8 27. exd5 Nf4 28. Rxe7+ Rxe7 29. Bf1 Nxd5 30. c4 Nc3 31. Rc1 Nxa2 32. Ra1 Nb4 33. Rxa7 Rd7 34. c5 Kf7 35. Bc4+ Ke7 36. g3 Nc2 37. d5 cxd5 38. Bb5 Rd8 39. Rxb7+ Ke6 40. c6 Kd6 41. Rxh7 Nd4 42. c7 Rc8 43. Rd7+ Ke6 44. Ba4 Nb3 45. Rd8 Rxc7 46. Bxb3 1-0


[Site "https://www.chess.com"]

[Event "Titled Tuesday Blitz December 20 Late 2022"]
[White "Bogaudinov, Rushan"]
[Black "Sanchez Alvares, Kelvin Antonio"]
[WhiteFideId "4129288"]
[BlackFideId "3906680"]
[WhiteElo "2028"]
[BlackElo "2217"]
[Result "1/2-1/2"]
[Round "06"]
[TimeControl "180+1"]
[Date "2022.12.21"]
[WhiteClock "0:00:09"]
[BlackClock "0:01:08"]

1. a3 d5 2. e3 Nf6 3. Nf3 c5 4. d4 Nc6 5. dxc5 a5 6. Nc3 Bg4 7. Na4 e6 8. Be2 Ne4 9. O-O Nxc5 10. Nxc5 Bxc5 11. h3 Bf5 12. Nd4 Nxd4 13. exd4 Bd6 14. Bb5+ Kf8 15. c3 h6 16. a4 Kg8 17. Bd3 Bxd3 18. Qxd3 g6 19. g3 Kg7 20. Kg2 Qd7 21. h4 Rhb8 22. h5 g5 23. f4 gxf4 24. Bxf4 f5 25. Rae1 Rf8 26. Qe3 Bxf4 27. Qxf4 Kh7 28. Qe5 Rae8 29. b3 Qf7 30. Rh1 Rg8 31. Re3 f4 32. Rf3 Rxg3+ 33. Rxg3 fxg3 34. Rf1 Qg7 35. Qe3 e5 36. dxe5 Qxe5 37. Rf7+ Kg8 38. Qxe5 Rxe5 39. Rxb7 Re3 40. Rc7 Kf8 41. Rc6 Ke7 42. Rxh6 Rxc3 43. Ra6 Rxb3 44. Rxa5 Kd6 45. h6 Ke5 46. h7 Rb8 47. Kxg3 Rh8 48. Ra7 d4 49. Kg4 d3 50. Rd7 d2 51. Rxd2 Rxh7 52. Ra2 Kd5 53. a5 Kc6 54. a6 Ra7 55. Rc2+ Kb6 56. Ra2 Rxa6 57. Rxa6+ Kxa6 1/2-1/2


[Site "https://www.chess.com"]

[Event "Titled Tuesday Blitz December 20 Late 2022"]
[White "Boros, Denes"]
[Black "Martinez Reyes, Pedro Ramon"]
[WhiteFideId "722340"]
[BlackFideId "3901807"]
[WhiteElo "2464"]
[BlackElo "2354"]
[Result "0-1"]
[Round "06"]
[TimeControl "180+1"]
[Date "2022.12.20"]
[WhiteClock "0:00:15"]
[BlackClock "0:00:10"]

1. d4 d5 2. Nc3 Nf6 3. Nf3 a6 4. Bg5 e6 5. e4 Be7 6. Bxf6 Bxf6 7. Qd3 O-O 8. O-O-O Nc6 9. h4 b5 10. e5 Be7 11. Qe3 Na5 12. h5 Nc4 13. Qf4 h6 14. Kb1 c6 15. Nd2 c5 16. Nb3 cxd4 17. Nxd4 Bd7 18. Bd3 Rc8 19. Nce2 Qa5 20. Nb3 Qa4 21. Rh3 Kh8 22. Rg3 a5 23. Qd4 b4 24. Qg4 Rg8 25. f4 Nxb2 26. Kxb2 Qa3+ 27. Kb1 a4 28. Ned4 axb3 29. cxb3 Ra8 30. Qe2 Rgc8 31. f5 Bg5 32. Rxg5 hxg5 33. f6 gxf6 34. Nf3 Rc3 35. Qb2 Qxb2+ 36. Kxb2 g4 37. Ne1 fxe5 38. Bc2 e4 39. Rd2 e3 40. Re2 d4 41. Nd3 Bb5 0-1


[Site "https://www.chess.com"]

[Event "Titled Tuesday Blitz December 20 Late 2022"]
[White "Bortnyk, Mykola"]
[Black "Nasuta, Grzegorz"]
[WhiteFideId "14120836"]
[BlackFideId "1141686"]
[WhiteElo "2582"]
[BlackElo "2441"]
[Result "1-0"]
[Round "06"]
[TimeControl "180+1"]
[Date "2022.12.20"]
[WhiteClock "0:00:38"]
[BlackClock "0:00:03"]

1. e4 c5 2. c3 Nf6 3. e5 Nd5 4. Nf3 d6 5. Bc4 e6 6. O-O Nc6 7. d4 cxd4 8. cxd4 Be7 9. Qe2 O-O 10. Rd1 Na5 11. Bxd5 exd5 12. Nc3 Be6 13. Bf4 Nc6 14. Rac1 Rc8 15. Qb5 dxe5 16. dxe5 d4 17. Qxb7 Bg4 18. Nb5 Bxf3 19. gxf3 Bg5 20. Rxc6 Rxc6 21. Qxc6 Bxf4 22. Rxd4 Qh4 23. e6 Qxh2+ 24. Kf1 Qh3+ 25. Ke2 fxe6 26. Re4 e5 27. Qd5+ Kh8 28. Nd6 Qd7 29. Rc4 h6 30. Qd3 Qe7 31. Rc6 Rb8 32. b3 Bg5 33. Kf1 Rd8 34. Qg6 Rf8 35. Ne4 Bf4 36. Kg2 Qf7 37. Qxf7 Rxf7 38. b4 Rd7 39. b5 Rb7 40. a4 Kg8 41. Rc8+ Kh7 42. Rc6 Rd7 43. Ra6 Rb7 44. Nc5 Rc7 45. Ne6 Re7 46. Nd8 e4 47. fxe4 Rxe4 48. Kf3 Rb4 49. Nc6 Rc4 50. Rxa7 Bd6 51. Nd8 Rc3+ 52. Ke4 Bc5 53. Rc7 Rc4+ 54. Kd5 Rd4+ 55. Kxc5 Rxd8 56. b6 h5 57. b7 Rb8 58. Kb6 h4 59. Rc8 Rxb7+ 60. Kxb7 h3 61. Rc1 1-0


[Site "https://www.chess.com"]

[Event "Titled Tuesday Blitz December 20 Late 2022"]
[White "Bortnyk, Olexandr"]
[Black "Zhigalko, Sergei"]
[WhiteFideId "14120828"]
[BlackFideId "13502956"]
[WhiteElo "2723"]
[BlackElo "2662"]
[Result "1-0"]
[Round "06"]
[TimeControl "180+1"]
[Date "2022.12.20"]
[WhiteClock "0:00:05"]
[BlackClock "0:00:02"]

1. e4 c5 2. c3 Nf6 3. e5 Nd5 4. d4 cxd4 5. Nf3 Nc6 6. cxd4 d6 7. Bc4 e6 8. O-O Be7 9. Qe2 O-O 10. Rd1 Na5 11. Bd3 Nb4 12. exd6 Qxd6 13. Be4 f5 14. Bc2 Nxc2 15. Qxc2 b6 16. Nc3 Bb7 17. Ne5 Rac8 18. Bf4 g5 19. Bd2 Nc4 20. Nxc4 Rxc4 21. Qb3 Rxd4 22. Re1 Qc6 23. Qxe6+ Qxe6 24. Rxe6 Kf7 25. Rae1 Bf6 26. Bc1 Rfd8 27. h3 f4 28. R6e2 a6 29. a3 b5 30. Kf1 Rc4 31. Ne4 Bxe4 32. Rxe4 Rdc8 33. Rxc4 Rxc4 34. b4 Rc2 35. Rd1 Ke6 36. Bd2 Ra2 37. Be1 Rxa3 38. Rc1 Kd5 39. Rc5+ Kd6 40. Rf5 Ke6 41. Rc5 h6 42. Rc6+ Kf7 43. Ke2 Ra2+ 44. Kf3 Ra1 45. Rxf6+ Ke7 46. Bc3 Ra3 47. Rc6 a5 48. Kg4 Kd7 49. Rc5 a4 50. Bg7 Ra2 51. Kf3 Ra3+ 52. Ke4 Ra2 53. Bxh6 Rxf2 54. Bxg5 a3 55. Rxb5 a2 56. Ra5 Rxg2 57. Bxf4 Rb2 58. Kf5 Kc6 59. h4 Kb6 60. h5 a1=Q 61. Rxa1 Rxb4 62. h6 1-0


[Site "https://www.chess.com"]

[Event "Titled Tuesday Blitz December 20 Late 2022"]
[White "Brodowski, Piotr"]
[Black "Bambino Filho, Antonio Carlos"]
[WhiteFideId "1124480"]
[BlackFideId "2113163"]
[WhiteElo "2351"]
[BlackElo "2407"]
[Result "1-0"]
[Round "06"]
[TimeControl "180+1"]
[Date "2022.12.21"]
[WhiteClock "0:00:03"]
[BlackClock "0:00:06"]

1. e4 c5 2. Nf3 d6 3. d4 cxd4 4. Nxd4 Nf6 5. Nc3 a6 6. a3 e6 7. g4 h6 8. Rg1 Be7 9. h4 Nc6 10. Be3 h5 11. gxh5 Nxh5 12. Be2 g6 13. Qd2 Bd7 14. O-O-O Qc7 15. Kb1 Ne5 16. Bg5 Bxg5 17. Qxg5 Qd8 18. Qe3 Qe7 19. f4 Nc6 20. Nxc6 Bxc6 21. f5 exf5 22. Qd4 Qe5 23. exf5 Qxd4 24. Rxd4 gxf5 25. Rg5 Nf6 26. Rxf5 Ke7 27. Rdf4 Rh6 28. Bc4 Rg8 29. Bd5 Rg1+ 30. Ka2 Re1 31. Bxc6 bxc6 32. Ra5 Nh5 33. Rf2 Rf6 34. Rxf6 Nxf6 35. Rxa6 c5 36. Ra7+ Ke6 37. Ra8 Rh1 38. Rh8 Rh2 39. a4 Rxc2 40. a5 d5 41. a6 d4 42. Na4 Nd5 43. a7 Nb4+ 44. Kb3 Nc6 45. a8=Q 1-0


[Site "https://www.chess.com"]

[Event "Titled Tuesday Blitz December 20 Late 2022"]
[White "Bryant, Todd"]
[Black "Wieczorek, Zbigniew"]
[WhiteFideId "2031299"]
[BlackFideId "1102001"]
[WhiteElo "2344"]
[BlackElo "2222"]
[Result "1/2-1/2"]
[Round "06"]
[TimeControl "180+1"]
[Date "2022.12.21"]
[WhiteClock "0:00:29"]
[BlackClock "0:00:17"]

1. e4 g6 2. d4 Bg7 3. Nc3 c6 4. Be3 d5 5. e5 f6 6. f4 Nh6 7. Qd2 O-O 8. O-O-O Bg4 9. Be2 Bxe2 10. Ncxe2 Nf5 11. Kb1 Nd7 12. g4 Nxe3 13. Qxe3 fxe5 14. fxe5 e6 15. h4 c5 16. c3 Nb6 17. Nh3 Nc4 18. Qc1 Qxh4 19. Rdg1 Bh6 20. g5 Bg7 21. Nhf4 Qf2 22. Rh3 cxd4 23. Rg2 Qf1 24. Qxf1 Nd2+ 25. Kc2 Nxf1 26. Nxe6 Ne3+ 27. Rxe3 dxe3 28. Nxf8 Rxf8 29. Kd3 Bxe5 30. Kxe3 Rf5 31. Rg1 Kf7 32. Rh1 Kg7 33. Rg1 Bc7 34. Rg4 Bd8 35. Rb4 Bxg5+ 36. Kd3 b6 37. Ra4 Rf7 38. Rd4 Rd7 39. Kc2 Bf6 40. Rd3 h5 41. c4 d4 42. b4 g5 43. Kb3 h4 44. c5 g4 45. c6 Rc7 46. b5 g3 47. Nxg3 hxg3 48. Rxg3+ Kf7 49. Kc4 Ke6 50. Rd3 Be5 51. Rd1 a6 52. a4 axb5+ 53. axb5 Kd6 54. Rh1 Re7 55. Rh6+ Re6 56. Rh5 Re7 57. Rh6+ Re6 58. Rh7 d3 59. Kxd3 Kc5 60. c7 Bxc7 61. Rxc7+ Kxb5 62. Kc2 Rc6+ 63. Rxc6 Kxc6 64. Kb2 Kc5 65. Kc3 Kb5 66. Kb3 Kc5 67. Kc3 b5 68. Kb3 b4 69. Kb2 Kc4 70. Kc2 b3+ 71. Kb2 Kb4 72. Kb1 Ka3 73. Ka1 b2+ 74. Kb1 Kb3 1/2-1/2


[Site "https://www.chess.com"]

[Event "Titled Tuesday Blitz December 20 Late 2022"]
[White "Chigaev, Maksim"]
[Black "Nakamura, Hikaru"]
[WhiteFideId "4108116"]
[BlackFideId "2016192"]
[WhiteElo "2542"]
[BlackElo "2909"]
[Result "0-1"]
[Round "06"]
[TimeControl "180+1"]
[Date "2022.12.20"]
[WhiteClock "0:00:03"]
[BlackClock "0:01:52"]

1. e4 c5 2. Nf3 d6 3. c3 Nf6 4. g3 Nc6 5. d3 d5 6. e5 Ng8 7. d4 Bg4 8. Be3 e6 9. Nbd2 cxd4 10. cxd4 Bb4 11. Be2 Nge7 12. O-O Nf5 13. a3 Bxd2 14. Qxd2 Qb6 15. Rfd1 O-O 16. Ne1 Bxe2 17. Qxe2 Rac8 18. Nf3 Na5 19. Rac1 Nb3 20. Rxc8 Rxc8 21. Qd3 a5 22. h4 h5 23. Rc1 Nxc1 24. Bxc1 Rxc1+ 0-1


[Site "https://www.chess.com"]

[Event "Titled Tuesday Blitz December 20 Late 2022"]
[White "D`Arruda, Ricardo D."]
[Black "Goroshkov, Maksym"]
[WhiteFideId "100692"]
[BlackFideId "14142716"]
[WhiteElo "2446"]
[BlackElo "2258"]
[Result "1/2-1/2"]
[Round "06"]
[TimeControl "180+1"]
[Date "2022.12.21"]
[WhiteClock "0:01:01"]
[BlackClock "0:01:05"]

1. d4 Nf6 2. Nf3 d6 3. g3 g6 4. Bg2 Bg7 5. Nc3 O-O 6. e4 c5 7. dxc5 dxc5 8. Qxd8 Rxd8 9. O-O Nc6 10. Be3 Nd4 11. Rad1 Bg4 12. Bxd4 Bxf3 13. Bxf6 Bxd1 14. Bxg7 Kxg7 15. Rxd1 Rxd1+ 16. Nxd1 Rd8 17. Ne3 Rd2 18. Kf1 b6 19. Ke1 Rd8 20. f4 e6 21. Bf1 Rd4 22. Bd3 a6 23. Ke2 b5 24. c3 Rd8 25. e5 f6 26. exf6+ Kxf6 27. Ng4+ Ke7 28. Ne5 Rd6 29. h4 b4 30. h5 gxh5 31. Bxh7 bxc3 32. bxc3 Rb6 33. Nc4 Rb8 34. Bg6 Rg8 35. Ne5 Kf6 36. Kd3 Rxg6 37. Nxg6 Kxg6 38. Kc4 Kf5 39. Kxc5 Kg4 40. Kd6 Kxg3 41. c4 h4 42. c5 h3 43. c6 h2 44. c7 h1=Q 45. c8=Q Qd5+ 46. Ke7 Kxf4 47. Qxe6 Qxe6+ 48. Kxe6 Ke4 49. Kd6 Kd4 50. Kc6 Kc4 51. Kb6 Kb4 52. Kxa6 Ka4 53. a3 Kb3 54. a4 Kxa4 1/2-1/2


[Site "https://www.chess.com"]

[Event "Titled Tuesday Blitz December 20 Late 2022"]
[White "De Souza, Cristiano Gomes"]
[Black "TheKnightOfBosnia"]
[WhiteFideId "2151758"]
[WhiteElo "2068"]
[BlackElo "2435"]
[Result "0-1"]
[Round "06"]
[TimeControl "180+1"]
[Date "2022.12.21"]
[WhiteClock "0:00:22"]
[BlackClock "0:00:51"]

1. d4 Nf6 2. c4 e6 3. Nf3 Bb4+ 4. Bd2 a5 5. g3 O-O 6. Bg2 d5 7. O-O dxc4 8. e3 b5 9. Ne5 Ra7 10. a4 Bb7 11. axb5 Bxg2 12. Kxg2 Qd5+ 13. f3 Qxb5 14. Nc3 Bxc3 15. Bxc3 Nbd7 16. Nxd7 Nxd7 17. Qa4 c6 18. Rfc1 Rfa8 19. Rc2 Nb6 20. Qa2 Nd5 21. Kf2 Qb3 22. Rcc1 a4 23. e4 Nf6 24. Be1 a3 25. Rxc4 axb2 26. Qxa7 bxa1=Q 0-1


[Site "https://www.chess.com"]

[Event "Titled Tuesday Blitz December 20 Late 2022"]
[White "Denishev, Marat"]
[Black "Rustemov, Alexander"]
[WhiteFideId "24131563"]
[BlackFideId "4119002"]
[WhiteElo "2194"]
[BlackElo "2886"]
[Result "0-1"]
[Round "06"]
[TimeControl "180+1"]
[Date "2022.12.20"]
[WhiteClock "0:00:02"]
[BlackClock "0:00:22"]

1. d4 g6 2. e4 Bg7 3. Nc3 d6 4. Be3 a6 5. Qd2 b5 6. h4 h6 7. h5 g5 8. f4 gxf4 9. Bxf4 Bb7 10. Qe3 Nd7 11. O-O-O b4 12. Na4 Ngf6 13. Bd3 Bc6 14. e5 Nd5 15. Qg3 Kf8 16. Be4 Rg8 17. Bh7 Nxf4 18. Bxg8 Kxg8 19. Qxf4 Bxa4 20. Nf3 Bc6 21. g4 e6 22. Rhf1 Bxf3 23. Qxf3 Qg5+ 24. Kb1 Rf8 25. Qc6 Qe7 26. Qxc7 d5 27. g5 hxg5 28. h6 Bxh6 29. Rh1 Kg7 30. Rdf1 Qd8 31. Qb7 a5 32. Qb5 f5 33. exf6+ Rxf6 0-1


[Site "https://www.chess.com"]